 Dungeon Crawl Stone Soup version 0.32-a0-876-gcfddb08e57 (webtiles) character file.

Game seed: 18357652799278125745

6615 pokeman the Thaumaturge (level 10, -17/56 HPs)
             Began as a Deep Elf Hedge Wizard on Mar 31, 2024.
             Was a Priest of Vehumet.
             Demolished by an orc knight
             ... wielding a +0 great sword
              (20 damage)
             ... on level 1 of the Orcish Mines.
             The game lasted 00:16:53 (11232 turns).

pokeman the Thaumaturge (Deep Elf Hedge Wizard)    Turns: 11232, Time: 00:16:53

Health: -17/56     AC:  9    Str: 10    XL:     10   Next: 72%
Magic:  1/29       EV: 11    Int: 24    God:    Vehumet [***...]
Gold:   682        SH:  0    Dex: 14    Spells: 22/36 levels left

rFire   + . .        J - +7 dagger "Sitik" {heavy, rF+ Str+3}
rCold   + . .        (no shield)
rNeg    . . .        O - +2 leather armour {rC+}
rPois   .            c - +0 hat
rElec   .            u - +0 cloak
rCorr   .            (no gloves)
SInv    .            D - +2 pair of boots
Will    +++..        (no amulet)
Stlth   ++           n - ring of willpower
HPRegen 0.29/turn    s - ring of willpower
MPRegen 0.21/turn

%: no passive effects
@: on blink cooldown
A: no striking features
a: Renounce Religion


You were on level 1 of the Orcish Mines.
You worshipped Vehumet.
Vehumet was most pleased with you.
You visited 2 branches of the dungeon, and saw 10 of its levels.

You collected 682 gold pieces.

Inventory:

Hand Weapons
 J - the +7 dagger "Sitik" (weapon) {heavy, rF+ Str+3}
   (You took it off a kobold brigand on level 7 of the Dungeon)

   Str+3:     It affects your strength (+3).
   rF+:       It protects you from fire.
 K - a +2 dagger of venom
Armour
 c - a +0 hat (worn)
 u - a +0 cloak (worn)
 D - a +2 pair of boots (worn)
 O - a +2 leather armour of cold resistance (worn)
Magical Staves
 N - a staff of air
Jewellery
 n - a ring of willpower (left hand)
 s - a ring of willpower (right hand)
 A - a ring of protection from cold
Wands
 j - a wand of iceblast (9)
 l - a wand of charming (23)
 r - a wand of flame (96)
 y - a wand of acid (9)
 F - a wand of mindburst (11)
 H - a wand of digging (3)
Scrolls
 e - 3 scrolls of poison {unknown}
 f - 13 scrolls of identify {unknown}
 h - a scroll of silence {unknown}
 k - a scroll of amnesia {unknown}
 m - a scroll of noise {unknown}
 q - 4 scrolls of teleportation {unknown}
 t - 3 scrolls of enchant armour {unknown}
 v - 2 scrolls of immolation {unknown}
 w - 2 scrolls of brand weapon {unknown}
 z - a scroll of summoning {unknown}
 B - 4 scrolls of fear {unknown}
 G - a scroll of enchant weapon {unknown}
 I - a scroll of revelation {unknown}
 L - a scroll of blinking {unknown}
 M - 2 scrolls of fog {unknown}
Potions
 a - a potion of mutation {unknown}
 b - a potion of attraction {unknown}
 d - 2 potions of magic
 g - 2 potions of degeneration {unknown}
 i - 2 potions of invisibility {unknown}
 o - 3 potions of lignification {unknown}
 p - 3 potions of haste {unknown}
 x - a potion of enlightenment {unknown}
 C - a potion of ambrosia {unknown}
 E - a potion of curing {unknown}


   Skills:
 - Level 4.0 Fighting
 + Level 4.1 Armour
 - Level 3.0 Dodging
 - Level 3.0 Stealth
 * Level 13.9 Spellcasting
 + Level 8.0 Conjurations
 - Level 1.1 Summonings
 - Level 1.1 Translocations
 + Level 2.4 Ice Magic
 - Level 1.1 Air Magic
 - Level 7.0 Earth Magic
 - Level 1.1 Alchemy
 - Level 1.1 Evocations


You had 22 spell levels left.
You knew the following spells:

 Your Spells              Type           Power      Damage    Failure   Level
a - Magic Dart            Conj           100%       1d8       1%          1
b - Mephitic Cloud        Conj/Alch/Air  33%        N/A       1%          3
c - Call Imp              Summ           44%        N/A       4%          2
d - Blink                 Tloc           44%        N/A       4%          2
e - Stone Arrow           Conj/Erth      100%       3d13      1%          3
f - Hailstorm             Conj/Ice       41%        3d9       1%          3

Your spell library contained the following spells:

 Spells                   Type           Power      Damage    Failure   Level
 Sandblast                Erth           100%       2d20      1%          1
 Passwall                 Erth           50%        N/A       1%          3
 Brom's Barrelling Bould  Conj/Erth      52%        2d7       1%          4
 Volatile Blastmotes      Fire/Tloc      38%        2d13      3%          3
 Necrotise                Necr           64%        1d7       4%          1
 Slow                     Hex            64%        N/A       4%          1
 Cigotuvi's Dreadful Rot  Necr/Alch/Air  40%        N/A       5%          2
 Vampiric Draining        Necr           16%        2d7       14%         3
 Martyr's Knell           Necr/Summ      19%        N/A       36%         4
 Summon Blazeheart Golem  Fire/Summ      19%        N/A       36%         4
 Curse of Agony           Necr           16%        N/A       78%         5


Dungeon Overview and Level Annotations

Branches:
Dungeon (9/15)             Temple (0/1) D:7            Lair (0/5) D:8
    Orc (1/2) D:9

Altars:
Ashenzari
Fedhas
Gozag
Makhleb
Okawaru
Ru
Trog
Vehumet
Xom

Shops:
D:3 (


Message History

The ogre hits you with a +0 giant club!!
* * * LOW HITPOINT WARNING * * *
The orc is engulfed in noxious fumes.
The orc appears confused.
The orc barely misses itself.
Unknown command.
The orc is engulfed in noxious fumes.
The orc appears confused.
The orc knight says, "Why is everything spinning?"
The kobold blastminer is engulfed in noxious fumes.
The kobold blastminer asks, "Where am I?"
Casting: Blink (safe; 4% risk of failure)
Confirm with . or Enter, or press ? or * to list all spells.
Aiming: Mephitic Cloud (safe; 1% risk of failure)
Press: ? - help, Shift-Dir - straight line, p - orc The ball explodes into a vile cloud!
The stinking cloud engulfs the ogre.
The stinking cloud engulfs you.
The stinking cloud engulfs the kobold blastminer.
The kobold blastminer is heavily wounded.
You are engulfed in noxious fumes.
You choke on the stench!
You are confused.
The orc hits the kobold blastminer with a +0 hand axe.
The ogre is engulfed in noxious fumes.
The ogre appears confused.
The kobold blastminer is engulfed in noxious fumes.
The kobold blastminer appears confused.
The kobold blastminer hits the ogre.
You bump into the rock wall.
You are engulfed in noxious fumes.
You feel less confused.
You feel ready to blink again.
The orc hits the kobold blastminer with a +0 hand axe!
The ogre is engulfed in noxious fumes.
The ogre appears confused.
The ogre hits the kobold blastminer with a +0 giant club!!
The kobold blastminer is killed!
Vehumet accepts your kill.
Your Armour skill increases to level 4!
Your Conjurations skill increases to level 8!
Unknown command.
The orc no longer looks unusually strong.
Casting: Mephitic Cloud (safe; 1% risk of failure)
Confirm with . or Enter, or press ? or * to list all spells.
You blink.
The ogre is engulfed in noxious fumes.
The ogre appears confused.
The orc is engulfed in noxious fumes.
The orc appears confused.
The orc knight hits you with a +0 great sword!!
You die...

# ## .# .#.# ..##
.....#### #<#
......#@###
.................o§####
...................○#.##
O......o..........oO☼○.#
........o..........§#§##
..........$..........##
....#...............##
..#.#................#
..>..........#


You could see an orc knight (confused), an ogre (confused) and an orc
(confused).

Vanquished Creatures
  Maurice (D:8)
  A kobold blastminer (Orc:1)
  A rime drake (D:8)
  A troll (D:9)
  2 shadows
  Eustachio (D:4)
  A wraith (D:9)
  3 steam dragons
  A warg (Orc:1)
  7 water moccasins
  3 orc warriors
  6 ice beasts
  2 black bears
  3 ogres (D:5)
  2 wolves (D:8)
  5 centaurs
  A phantom (D:5)
  7 kobold brigands
  A bullfrog (D:4)
  A gnoll sergeant (D:5)
  3 scorpions
  2 bombardier beetles
  3 howler monkeys (D:9)
  A hound (D:5)
  A jelly (D:6)
  2 gnoll boudas
  2 orc priests
  6 iguanas
  Terence (D:2)
  Natasha (D:2)
  4 orc wizards
  4 gnolls (D:9)
  5 adders
  A white imp (D:7)
  A dart slug (D:2)
  2 ribbon worms
  16 orcs
  11 endoplasms
  4 giant cockroaches
  4 goblins
  5 hobgoblins
  3 jackals
  6 quokkas
  8 ball pythons
  9 bats
  8 frilled lizards
  37 kobolds
  7 rats
207 creatures vanquished.

Notes
Turn   | Place    | Note
-------+----------+-------------------------------------------
     0 | D:1      | pokeman the Deep Elf Hedge Wizard began the quest for the
                  | Orb.
     0 | D:1      | Reached XP level 1. HP: 10/10 MP: 7/7
   163 | D:1      | Got the Precepts of Metallic Sparks
   287 | D:1      | Reached XP level 2. HP: 16/16 MP: 7/9
   445 | D:1      | Found a faded altar of an unknown god.
   682 | D:1      | Reached skill level 5 in Spellcasting
   804 | D:1      | Reached XP level 3. HP: 20/20 MP: 6/11
   808 | D:1      | Learned a level 3 spell: Mephitic Cloud
   811 | D:1      | Learned a level 2 spell: Call Imp
   814 | D:1      | Learned a level 2 spell: Blink
   818 | D:1      | Learned a level 3 spell: Stone Arrow
  1610 | D:2      | Reached skill level 1 in Armour
  1717 | D:2      | Noticed Natasha
  1723 | D:2      | Killed Natasha
  1724 | D:2      | Reached skill level 1 in Fighting
  1724 | D:2      | Reached XP level 4. HP: 25/25 MP: 7/13
  2099 | D:2      | You fall into a shaft and drop 2 floors!
  2150 | D:4      | Noticed a bullfrog
  2161 | D:4      | Killed a bullfrog
  2162 | D:4      | Reached skill level 6 in Spellcasting
  2162 | D:4      | Reached XP level 5. HP: 9/29 MP: 8/15
  2282 | D:4      | Found a bloodstained altar of Trog.
  2387 | D:4      | Noticed Eustachio
  2406 | D:4      | Killed Eustachio
  2407 | D:4      | Reached skill level 1 in Air Magic
  2407 | D:4      | Reached skill level 1 in Earth Magic
  2407 | D:4      | Reached skill level 1 in Alchemy
  2407 | D:4      | Reached skill level 1 in Evocations
  2407 | D:4      | Reached XP level 6. HP: 30/34 MP: 2/17
  2988 | D:2      | Found a sacrificial altar of Ru.
  3153 | D:2      | Noticed Terence
  3159 | D:2      | Killed Terence
  3585 | D:3      | Found a radiant altar of Vehumet.
  3598 | D:3      | Became a worshipper of Vehumet
  3613 | D:3      | Found an opulent altar of Gozag.
  3640 | D:3      | Found Gyjoefoish's Antique Weapon Emporium.
  4344 | D:4      | Found a blossoming altar of Fedhas.
  4498 | D:4      | Reached skill level 7 in Spellcasting
  4673 | D:4      | Found a burning altar of Makhleb.
  4929 | D:5      | Entered Level 5 of the Dungeon
  5000 | D:5      | Noticed a water moccasin
  5006 | D:5      | Killed a water moccasin
  5007 | D:5      | Reached XP level 7. HP: 39/39 MP: 4/20
  5426 | D:5      | Reached skill level 8 in Spellcasting
  5616 | D:5      | Reached XP level 8. HP: 35/44 MP: 5/22
  5701 | D:5      | Reached skill level 9 in Spellcasting
  6044 | D:5      | Reached skill level 5 in Conjurations
  6441 | D:5      | Found an iron altar of Okawaru.
  6742 | D:6      | Identified the +3 chain mail of Shadows and Fog {Will+
                  | Int+2}
  6874 | D:6      | Reached skill level 10 in Spellcasting
  7130 | D:6      | Reached XP level 9. HP: 49/49 MP: 5/25
  7161 | D:6      | Reached skill level 5 in Earth Magic
  7963 | D:7      | Reached * piety under Vehumet
  7963 | D:7      | Offered knowledge of Kiss of Death by Vehumet.
  8150 | D:7      | Reached skill level 11 in Spellcasting
  8273 | D:7      | Found a staircase to the Ecumenical Temple.
  8369 | D:7      | Found a broken altar of Ashenzari.
  8516 | D:7      | Identified the +7 dagger "Sitik" {heavy, rF+ Str+3}
  8574 | D:7      | Found a shimmering altar of Xom.
  8988 | D:7      | Reached skill level 12 in Spellcasting
  9029 | D:8      | Offered knowledge of Momentum Strike by Vehumet.
  9034 | D:8      | Reached ** piety under Vehumet
  9197 | D:8      | Noticed a rime drake
  9211 | D:8      | Killed a rime drake
  9212 | D:8      | Reached XP level 10. HP: 40/56 MP: 14/28
  9549 | D:8      | Found a staircase to the Lair.
  9809 | D:8      | Noticed Maurice
  9817 | D:8      | Killed Maurice
 10218 | D:9      | Reached skill level 13 in Spellcasting
 10416 | D:9      | Offered knowledge of Hailstorm by Vehumet.
 10428 | D:9      | Learned a level 3 spell: Hailstorm
 10661 | D:9      | Reached *** piety under Vehumet
 10772 | D:9      | Found a staircase to the Orcish Mines.
 10778 | D:9      | Reached skill level 1 in Ice Magic
 11204 | Orc:1    | Entered Level 1 of the Orcish Mines
 11204 | Orc:1    | Noticed an orc knight
 11204 | Orc:1    | Noticed a kobold blastminer
 11227 | Orc:1    | HP: 2/56 [ogre/+0 giant club (20)]
 11230 | Orc:1    | Killed a kobold blastminer
 11232 | Orc:1    | Demolished by an orc knight

Illustrated notes

Levels and vault maps discovered:
D:1:      onia_arrival_pentagram, layout_loops_cross,
          shapermc_ecumenical_altar_gd, minmay_cupped
D:2:      minmay_chambers_of_ones, layout_loops_corners, basic_altar,
          uniq_natasha, uniq_terence
D:3:      layout_basic, mainiacjoe_overflow_concentric_impassable,
          vehumet_altar_wand_db, serial_shops, nicolae_shop_stone,
          serial_bayou_pond_c, minmay_stone_trees_large
D:4:      layout_loops_cross, amcnicky_altar_gilded,
          mainiacjoe_overflow_small_starburst, mainiacjoe_overflow_tiny_flanked,
          uniq_eustachio
D:5:      layout_basic, mainiacjoe_overflow_alcove_1, minmay_joined_circles
D:6:      layout_basic, nicolae_wand_duel, minmay_misc_feat_four_crosses
D:7:      layout_basic, regret_index_xom_buried_treasure, lemuel_doored_altar,
          minmay_temple_entry_hall
D:8:      layout_basic, hellmonk_lair_entry_icy, uniq_maurice
D:9:      layout_small_grid, orc_0_dummy
Orc:1:    layout_caves, serial_shops, shop

Skill      XL: |  1  2  3  4  5  6  7  8  9 10 |
---------------+-------------------------------+-----
Spellcasting   | 5 6 7 8 10 12 13 | 13.9
Armour         | 1 2 3 4 |  4.1
Fighting       | 1 2 3 4 |  4.0
Conjurations   | 2 3 4 5 7 8 |  8.0
Dodging        | 3 |  3.0
Stealth        | 3 |  3.0
Air Magic      | 1 |  1.1
Earth Magic    | 1 2 3 4 6 7 |  7.0
Alchemy        | 1 |  1.1
Evocations     | 1 |  1.1
Ice Magic      | 2 |  2.4
Summonings     | |  1.1
Translocations | |  1.1

Action                     |  1- 3 |  4- 6 |  7- 9 | 10-12 || total
---------------------------+-------+-------+-------+-------++-------
  Melee: Dagger            |    28 |    21 |     7 |     2 ||    58
         Spear             |       |       |    29 |       ||    29
   Cast: Magic Dart        |    97 |    98 |    61 |    37 ||   293
         Mephitic Cloud    |       |     6 |    11 |     5 ||    22
         Stone Arrow       |       |    16 |    88 |    58 ||   162
         Blink             |       |       |       |     3 ||     3
   Stab: Confused          |       |     1 |     5 |     1 ||     7
 Armour: Robe              |    29 |    14 |    32 |    19 ||    94
         Leather armour    |       |       |       |    14 ||    14
  Dodge: Dodged            |    26 |    15 |    42 |    26 ||   109

Table legend: (Time is in decaauts)
 A = Elapsed time spent in this place.
 B = Non-inter-level travel time spent in this place.
 C = Inter-level travel time spent in this place.
 D = Time resting spent in this place.
 E = Time spent auto-exploring this place.
 F = Levels seen in this place.
 G = Mean time per level.
                   A        B        C        D        E       F      G
               +--------+--------+--------+--------+--------+-----+--------+
         Total |  11259 |  11000 |    259 |    475 |   9315 |  10 | 1125.9 |
       Dungeon |  11231 |  10972 |    259 |    475 |   9315 |   9 | 1247.9 |
  Orcish Mines |     28 |     28 |      0 |      0 |      0 |   1 |   28.0 |
               +--------+--------+--------+--------+--------+-----+--------+

Top non-repeatable levels by time:
     D:5: 1559 daAuts
     D:2: 1464 daAuts
     D:6: 1439 daAuts
     D:1: 1432 daAuts
     D:8: 1289 daAuts
     D:4: 1271 daAuts
     D:7: 1007 daAuts
     D:9: 1002 daAuts
     D:3: 765 daAuts
   Orc:1: 28 daAuts
